 Dungeon Crawl Stone Soup version 0.29-a0-834-g1e95ca9f62 (webtiles) character file.

Game seed: 12799577039423544392

36 purpskrrrp the Sneak (level 3, 0/16 HPs)
             Began as a Vine Stalker Enchanter on July 12, 2022.
             Killed from afar by Natasha (7 damage)
             ... with a magic dart
             ... on level 2 of the Dungeon.
             The game lasted 00:08:00 (1731 turns).

purpskrrrp the Sneak (Vine Stalker Enchanter)       Turns: 1731, Time: 00:08:01

Health: 0/16       AC:  5    Str: 10    XL:     3   Next: 37%
Magic:  0/7        EV: 12    Int: 15    God:
Gold:   96         SH:  0    Dex: 16    Spells: 3/6 levels left

rFire   . . .      SeeInvis .   a - +1 dagger
rCold   . . .      Faith    .   (no shield)
rNeg    . . .      Spirit   +   b - +0 robe
rPois   .          Reflect  .   e - +2 helmet
rElec   .          Harm     .   (no cloak)
rCorr   .          Rampage  .   (no gloves)
Will    .....                   (no boots)
Stlth   +++.......              (no amulet)
HPRegen 0.05/turn               (no ring)
MPRegen 0.10/turn               (no ring)

@: no status effects
A: fangs 2, magic shield, antimagic bite, no potion heal 2
a: no special abilities


You were on level 2 of the Dungeon.
You visited 1 branch of the dungeon, and saw 2 of its levels.

You collected 96 gold pieces.

Inventory:

Hand Weapons
 a - a +1 dagger (weapon)
Missiles
 k - 3 javelins (quivered)
Armour
 b - a +0 robe (worn)
 e - a +2 helmet (worn)
Scrolls
 d - a scroll of teleportation
 i - a scroll of noise
Potions
 c - a potion of invisibility
 f - a potion of might
 g - a potion of attraction {unknown}
 h - 2 potions of lignification
 j - 2 potions of brilliance {unknown}
 l - a potion of mutation {unknown}


   Skills:
 + Level 0.1 Fighting
 + Level 1.0 Short Blades
 + Level 1.6 Dodging
 + Level 4.6 Stealth
 + Level 2.4 Spellcasting
 + Level 3.5 Hexes


You had 3 spell levels left.
You knew the following spells:

 Your Spells              Type           Power      Damage    Failure   Level
a - Confusing Touch       Hex            12%        N/A       16%         3

Your spell library contained the following spells:

 Spells                   Type           Power      Damage    Failure   Level
 Ensorcelled Hibernation  Hex/Ice        14%        N/A       16%         2
 Tukima's Dance           Hex            12%        N/A       16%         3
 Dazzling Flash           Conj/Hex       14%        N/A       30%         3


Dungeon Overview and Level Annotations

Branches:
Dungeon (2/15)

Altars:

Annotations:
D:2 Natasha


Innate Abilities, Weirdness & Mutations

You have extremely sharp teeth.
When hurt, damage is shared between your health and your magic reserves.
Your bite disrupts and absorbs the magic of your enemies.
Potions cannot restore your health.


Message History

You hit Natasha. Your bite misses Natasha.
Natasha is lightly wounded.
Natasha barely misses you.
You hit Natasha but do no damage.
Natasha is lightly wounded.
The shadow imp misses you. Natasha closely misses you.
You hit Natasha.
Natasha is lightly wounded.
The shadow imp hits you. Natasha misses you.
You closely miss Natasha. Your bite misses Natasha.
Natasha is lightly wounded.
The shadow imp gestures at you. Pain shoots through your body!
Natasha misses you.
You closely miss Natasha.
Natasha is lightly wounded.
The shadow imp completely misses you. Natasha claws you.
You hit Natasha but do no damage.
Natasha is lightly wounded.
The shadow imp barely misses you.
Natasha mumbles some strange words.
You closely miss Natasha. Your bite misses Natasha.
Natasha is lightly wounded.
The shadow imp hits you but does no damage.
Natasha closely misses you.
You hit Natasha.
Natasha is moderately wounded.
The shadow imp hits you. Natasha claws you but does no damage.
Casting: Confusing Touch (astonishingly dangerous; 16% risk of failure)
Confirm with . or Enter, or press ? or * to list all spells.
You don't have enough magic to cast this spell.
You hit Natasha.
Natasha is moderately wounded.
The crimson imp blinks!
The shadow imp barely misses you. Natasha casts a spell at you.
You resist with some effort.
You hit Natasha.
Natasha is heavily wounded.
Natasha casts a spell at you. The magic dart hits you!
You die...

#. ##### #.#.#. #
#.#.#. # #.#.#. #.
########.....
#.#####............
#.......##.......#.
##................
##.†5#####.########
#.@5.......#
#.h..####### #<#.##
#.#.# ..#.# ####.#
#.# .#


You could see Natasha, a crimson imp (summoned) and a shadow imp (summoned).

Vanquished Creatures
  A dart slug (D:1)
  2 ball pythons (D:1)
  3 bats (D:1)
  4 endoplasms (D:1)
  A giant cockroach (D:2)
  4 goblins
  5 hobgoblins
  5 kobolds
  2 frilled lizards
  2 rats
29 creatures vanquished.

Notes
Turn   | Place    | Note
-------+----------+-------------------------------------------
     0 | D:1      | purpskrrrp the Vine Stalker Enchanter began the quest for
                  | the Orb.
     0 | D:1      | Reached XP level 1. HP: 9/9 MP: 4/4
   233 | D:1      | Reached XP level 2. HP: 2/13 MP: 6/6
   248 | D:1      | Reached skill level 4 in Stealth
  1238 | D:1      | Reached XP level 3. HP: 14/16 MP: 5/7
  1590 | D:1      | Learned a level 3 spell: Confusing Touch
  1600 | D:1      | You fall into a shaft and drop 1 floor!
  1717 | D:2      | Noticed Natasha
  1719 | D:2      | Reached skill level 1 in Short Blades
  1731 | D:2      | Killed from afar by Natasha

Illustrated notes

Levels and vault maps discovered:
D:1:      dpeg_arrival_tiny_d, layout_basic
D:2:      layout_loops_ring, moated_statue, uniq_natasha, uniq_sigmund,
          uniq_robin

Skill      XL: |  1  2  3 |
---------------+----------+-----
Stealth        | 4 |  4.6
Short Blades   | 1 |  1.0
Fighting       | |  0.1
Dodging        | |  1.6
Spellcasting   | |  2.4
Hexes          | |  3.5

Action                   || total
-------------------------++-------
Melee: Dagger            ||    93
       Bite              ||    20
       Punch             ||     2
 Cast: Confusing Touch   ||     1
  Use: Potion            ||     1
       Scroll            ||     5
 Stab: Sleeping          ||     4
       Invisible         ||     1
Armor: Robe              ||    19
Dodge: Dodged            ||    62

Table legend: (Time is in decaauts)
 A = Elapsed time spent in this place.
 B = Non-inter-level travel time spent in this place.
 C = Inter-level travel time spent in this place.
 D = Time resting spent in this place.
 E = Time spent auto-exploring this place.
 F = Levels seen in this place.
 G = Mean time per level.
                   A        B        C        D        E       F      G
               +--------+--------+--------+--------+--------+-----+--------+
         Total |   1726 |   1679 |     47 |    836 |    583 |   2 |  863.0 |
       Dungeon |   1726 |   1679 |     47 |    836 |    583 |   2 |  863.0 |
               +--------+--------+--------+--------+--------+-----+--------+

Top non-repeatable levels by time:
     D:1: 1597 daAuts
     D:2: 129 daAuts
